Map: Rosebud LE

Players

sexyAPM - Winner!

  • Race: Protoss Protoss
  • Spawn Location: 5:00

qqq - Winner!

  • Race: Zerg Zerg
  • League: Platinum
  • Spawn Location: 5:00

Massa - Winner!

  • Race: Terran Terran
  • League: Gold
  • Spawn Location: 5:00

IkuriO

  • Race: Terran Terran
  • League: Diamond
  • Spawn Location: 11:00

Galactus

  • Race: Terran Terran
  • League: Diamond
  • Spawn Location: 11:00

Stef

  • Race: Terran Terran
  • League: Diamond
  • Spawn Location: 11:00

VOD

Have the link to the VOD?

Description

Time

  • Played on: April 17, 2020, 7:28 p.m.
  • Length: 15:15
Show
View Real Time Build Order
Export as new Build Order

sexyAPM Protoss - Winner!

Build Orders: 1 Gate Expand 

Get SALT Encoding   

  12  0:01  Probe  
  13  0:13  Probe  
  14  0:25  Probe  
  15  0:30  Pylon  
  15  0:46  Assimilator  
  15  0:48  Probe (Chrono Boost)  
  16  0:52  Gateway  
  16  1:00  Probe (Chrono Boost)  
  17  1:07  Probe (Chrono Boost)  
  18  1:14  Probe (Chrono Boost)  
  20  1:25  Assimilator  
  20  1:26  Probe (Chrono Boost)  
  20  1:33  Probe (Chrono Boost)  
  20  1:39  Nexus  
  21  1:50  Cybernetics Core  
  21  1:53  Probe  
  22  2:04  Pylon  
  22  2:05  Probe  
  23  2:25  Probe (Chrono Boost)  
  24  2:35  Probe (Chrono Boost)  
  24  2:40  Probe (Chrono Boost)  
  24  2:51  Probe  
  24  2:53  Forge  
  26  3:05  Probe (Chrono Boost)  
  26  3:08  Probe (Chrono Boost)  
  26  3:16  Probe (Chrono Boost)  
  28  3:22  Probe (Chrono Boost)  
  28  3:24  Probe (Chrono Boost)  
  29  3:27  Photon Cannon  
  29  3:30  Probe (Chrono Boost)  
  29  3:31  Probe (Chrono Boost), Photon Cannon  
  29  3:33  Protoss Shields Level 1  
  31  3:37  Probe  
  32  3:42  Probe  
  33  3:49  Probe  
  33  3:54  Probe (Chrono Boost)  
  35  3:57  Pylon  
  35  4:01  Probe (Chrono Boost)  
  36  4:06  Assimilator  
  37  4:12  Probe (Chrono Boost), Assimilator  
  37  4:13  Probe (Chrono Boost)  
  38  4:17  Probe (Chrono Boost)  
  38  4:19  Probe (Chrono Boost)  
  40  4:27  Probe  
  40  4:30  Probe  
  42  4:32  Stargate  
  42  4:34  Stargate  
  42  4:36  Stargate  
  42  4:40  Probe  
  43  4:51  Nexus  
  43  4:52  Probe  
  44  4:56  Probe  
  45  5:04  Probe  
  46  5:08  Probe  
  46  5:11  Cybernetics Core  
  47  5:16  Probe  
  47  5:19  Pylon, Protoss Air Weapons Level 1  
  47  5:20  Probe  
  49  5:26  Fleet Beacon  
  49  5:28  Probe  
  50  5:33  Pylon x2  
  50  5:35  Pylon  
  50  5:38  Pylon  
  50  5:43  Photon Cannon  
  50  5:51  Void Ray (Chrono Boost)  
  50  5:54  Void Ray (Chrono Boost)  
  54  6:03  Void Ray (Chrono Boost)  
  62  6:11  Flux Vanes  
  62  6:22  Probe (Chrono Boost)  
  65  6:29  Protoss Air Armor Level 1  
  65  6:30  Probe x2 (Chrono Boost)  
  65  6:31  Probe (Chrono Boost)  
  66  6:36  Probe (Chrono Boost)  
  66  6:37  Probe x2 (Chrono Boost)  
  66  6:38  Void Ray (Chrono Boost)  
  73  6:43  Void Ray (Chrono Boost)  
  73  6:45  Void Ray (Chrono Boost)  
  77  6:48  Probe  
  82  7:00  Probe  
  83  7:14  Void Ray  
  83  7:15  Pylon  
  87  7:19  Stargate, Void Ray  
  87  7:21  Void Ray  
  91  7:57  Void Ray  
  95  8:02  Void Ray  
  95  8:03  Assimilator  
  95  8:04  Void Ray, Assimilator  
  103  8:10  Void Ray  
  107  8:35  Nexus  
  107  8:40  Void Ray  
  111  8:45  Void Ray  
  115  9:11  Protoss Air Weapons Level 2  
  115  9:42  Assimilator  
  115  9:47  Assimilator  
  115  9:51  Assimilator  
  115  9:56  Assimilator  
  115  10:04  Void Ray x4  
  131  10:08  Probe  
  132  10:27  Pylon  
  132  10:28  Pylon x2  
  132  10:45  Probe x4  
  132  10:47  Void Ray x4 (Chrono Boost)  
  140  10:57  Probe x4  
  136  11:09  Probe x4  
  140  11:21  Probe x4  
  140  11:23  Void Ray x3 (Chrono Boost)  
  156  11:37  Pylon x2  
  156  11:39  Pylon  
  156  11:41  Pylon  
  156  11:43  Pylon  
  156  11:44  Pylon  
  156  11:52  Void Ray (Chrono Boost)  
  156  11:55  Probe x3  
  156  11:59  Void Ray x2 (Chrono Boost)  
  156  12:00  Void Ray (Chrono Boost)  
  163  12:07  Probe  
  176  12:19  Probe  
  177  12:27  Void Ray  
  181  12:34  Nexus  
  181  12:35  Void Ray x3  
  189  13:10  Void Ray  
  193  13:18  Carrier  
  183  13:53  Carrier  
Show
View Real Time Build Order
Export as new Build Order

qqq Zerg - Winner!

Build Orders: Hatch First 

Get SALT Encoding   

  12  0:02  Drone  
  13  0:08  Drone  
  14  0:36  Hatchery  
  13  0:52  Spawning Pool  
  13  0:56  Drone  
  13  0:58  Extractor  
  12  1:13  Overlord  
  12  1:14  Drone  
  12  1:17  Drone  
  14  1:32  Drone  
  15  1:36  Drone  
  16  1:42  Queen  
  18  1:49  Drone  
  19  1:56  Overlord  
  19  2:04  Metabolic Boost  
  19  2:07  Zergling x2  
  20  2:12  Zergling x2  
  20  2:14  Zergling x2  
  22  2:17  Zergling x2  
  23  2:25  Zergling x2  
  23  2:27  Zergling x2  
  24  2:40  Zergling x2  
  24  2:41  Zergling x4  
  27  2:49  Queen  
  28  3:04  Zergling x2  
  28  3:05  Zergling x10  
  34  3:12  Zergling x2  
  35  3:41  Overlord x2  
  35  3:42  Overlord x3  
  35  4:11  Roach Warren  
  32  4:23  Zergling x8  
  32  4:24  Zergling x4  
  31  4:38  Zergling x10  
  31  4:55  Zergling x2, Roach  
  31  4:56  Roach  
  36  5:16  Drone x2  
  36  5:17  Drone x2  
  37  5:34  Drone x2  
  39  5:37  Drone x2  
  39  5:41  Drone  
  42  5:43  Extractor  
  42  5:49  Roach x3  
  47  5:53  Extractor  
  47  5:55  Roach x3  
  52  5:57  Roach  
  54  6:15  Drone  
  54  6:16  Drone x3  
  54  6:17  Roach x2  
  61  6:31  Drone x2, Roach  
  61  6:32  Roach  
  67  6:34  Ravager  
  43  7:14  Drone x6  
  43  7:15  Roach x3  
  53  7:16  Roach x3  
  59  7:34  Roach  
  59  7:35  Roach  
  59  7:40  Drone  
  59  7:42  Evolution Chamber  
  59  7:43  Lair, Evolution Chamber  
  54  7:46  Drone  
  55  8:02  Hatchery  
  55  8:04  Drone x2  
  55  8:05  Roach x2  
  60  8:13  Drone x2  
  60  8:14  Drone  
  60  8:17  Extractor  
  62  8:21  Zerg Melee Weapons Level 1  
  62  8:23  Zerg Ground Armor Level 1  
  62  8:25  Overlord  
  62  8:26  Overlord x2  
  62  8:48  Roach  
  62  8:49  Roach x6  
  62  8:55  Ravager x2  
  78  9:14  Zergling x12  
  84  9:39  Roach x3  
  84  9:40  Drone  
  84  9:41  Drone  
  64  9:54  Roach  
  64  9:55  Roach x2  
  68  10:04  Spore Crawler  
  66  10:16  Ravager x3  
  69  10:22  Drone x2  
  71  10:40  Drone x2  
  71  10:41  Roach x3  
  79  10:45  Zerg Ground Armor Level 2, Infestation Pit  
  79  10:46  Zerg Melee Weapons Level 2  
  78  10:51  Drone  
  79  10:58  Drone  
  79  11:02  Drone  
  81  11:04  Hatchery  
  81  11:09  Hatchery  
  79  11:12  Ravager  
  79  11:13  Ravager x5  
  85  11:26  Roach x2  
  85  11:27  Drone  
  84  11:51  Drone x3  
  87  11:56  Hive  
  87  11:59  Roach  
  87  12:00  Overlord x4  
  87  12:01  Overlord  
  89  12:16  Queen  
  91  12:28  Drone x2  
  91  12:29  Drone x4  
  97  12:30  Roach x2  
  97  12:31  Roach x2  
  97  12:36  Zergling x8  
  109  12:37  Drone  
  94  13:06  Roach x3  
  94  13:07  Drone x2, Roach x2  
  94  13:08  Drone x7  
  97  13:33  Roach x3  
  82  13:49  Ultralisk Cavern  
  81  14:09  Hatchery  
  80  14:11  Hatchery  
  80  14:12  Roach x5  
  80  14:13  Roach  
  80  14:15  Hatchery  
  90  14:19  Hatchery  
  89  14:30  Ravager  
  89  14:31  Ravager x6  
  94  14:32  Ravager  
  100  14:52  Extractor  
  81  14:54  Extractor  
  81  14:59  Drone x7, Extractor  
  84  15:00  Drone x5  
Show
View Real Time Build Order
Export as new Build Order

Massa Terran - Winner!

Build Orders:  

Get SALT Encoding   

  12  0:11  Supply Depot  
  12  0:13  SCV  
  13  0:25  SCV  
  14  0:34  Barracks  
  14  0:38  SCV  
  15  0:50  SCV  
  16  1:01  Supply Depot  
  16  1:02  SCV  
  17  1:14  SCV  
  17  1:15  Barracks  
  18  1:26  SCV, Barracks  
  18  1:30  Marine  
  20  1:44  Barracks  
  20  1:48  Marine  
  21  1:54  Refinery  
  21  2:03  Orbital Command  
  21  2:05  Marine  
  22  2:13  Marine x2  
  24  2:23  Marine  
  25  2:31  Marine x2  
  25  2:36  Supply Depot  
  27  2:41  Marine  
  28  2:49  Marine  
  29  2:52  Marine x2  
  31  2:59  Marine  
  32  3:07  Marine  
  32  3:09  Marine  
  32  3:10  Marine  
  35  3:17  Marine  
  36  3:24  Marine  
  37  3:30  Marine x2  
  39  3:38  Factory  
  39  4:18  Supply Depot  
  39  4:39  Marine x4  
  39  4:40  SCV  
  39  4:57  Marine x4  
  31  5:15  Marine x4  
  31  5:17  Factory Tech Lab  
  35  5:21  Starport  
  35  5:24  SCV  
  36  5:33  Marine x4  
  38  5:39  Command Center  
  38  5:41  Siege Tank  
  41  6:04  Marine x4  
  45  6:12  Supply Depot  
  45  6:19  Medivac  
  47  6:33  SCV, Marine x4, Siege Tank  
  47  6:35  Supply Depot  
  55  6:51  SCV, Marine x4  
  60  6:57  Supply Depot  
  60  7:09  Marine x3  
  60  7:20  Supply Depot  
  55  7:43  Supply Depot  
  34  8:06  Marine x3  
  34  8:07  Marine  
  38  8:22  Siege Tank  
  38  8:24  Marine x4  
  38  8:25  SCV  
  38  8:27  SCV  
  46  8:35  Medivac  
  46  8:37  SCV  
  46  8:39  SCV  
  50  8:42  Marine x4  
  54  8:49  SCV  
  54  8:51  SCV  
  54  8:54  Siege Tank  
  59  9:00  Marine x4  
  59  9:01  SCV  
  64  9:03  SCV  
  65  9:10  Command Center  
  65  9:13  SCV  
  59  9:17  Marine  
  59  9:18  Marine x2  
  58  9:40  Refinery  
  58  9:43  Engineering Bay  
  58  9:47  Armory  
  58  9:50  Orbital Command  
  58  10:02  Viking  
  58  10:03  Command Center  
  58  10:06  Marine x3  
  64  10:09  Engineering Bay  
  64  10:10  Barracks Tech Lab  
  63  10:24  Marine x3  
  66  10:32  Marauder  
  66  10:35  Armory  
  68  10:41  Marine  
  68  10:42  Marine x2  
  71  10:46  Refinery  
  71  10:54  Marauder  
  73  10:59  Marine x2  
  73  11:00  Marine  
  76  11:15  Marauder  
  58  11:24  Barracks Reactor x3  
  58  11:32  SCV x2, Barracks  
  60  11:35  SCV  
  61  11:40  Terran Vehicle Weapons Level 1  
  61  11:43  Terran Infantry Weapons Level 1  
  61  11:44  SCV x2  
  63  11:47  SCV  
  64  11:56  SCV x2  
  64  11:59  SCV  
  64  12:00  Starport Reactor  
  67  12:08  SCV  
  67  12:09  SCV  
  67  12:11  SCV  
  67  12:12  Starport  
  70  12:20  SCV, Barracks  
  70  12:21  SCV  
  70  12:22  Barracks Reactor  
  72  12:23  Marine  
  72  12:24  SCV, Marauder, Marine x4  
  72  12:25  Marine  
  81  12:41  Marine x2  
  81  12:42  Marine x4  
  87  12:46  Marauder  
  89  12:59  Marine x2  
  89  13:00  Marine x4  
  95  13:07  Marauder  
  96  13:17  Marine x2  
  96  13:18  Marine x4  
  84  13:28  Marauder  
  78  13:35  Marine x2  
  78  13:36  Marine x4  
  78  13:40  Barracks Reactor, Marine x2  
  77  13:49  Marine, Thor  
  77  13:53  Marine x4  
  77  13:54  Marine x2  
  83  13:58  Marine x2, Viking  
  83  13:59  Medivac, Viking  
  91  14:08  Marauder  
  93  14:11  Marine x5  
  93  14:12  Marine  
  93  14:16  Marine x2  
  100  14:27  Bunker  
  100  14:29  Marauder, Marine x4  
  61  14:40  Marine x3  
  52  14:50  Marauder  
  50  14:52  Barracks  
  48  15:04  Command Center  
Show
View Real Time Build Order
Export as new Build Order

IkuriO Terran 

Build Orders:  

Get SALT Encoding   

  12  0:01  SCV  
  13  0:13  SCV  
  14  0:19  Supply Depot  
  14  0:26  SCV  
  15  0:40  SCV  
  15  0:42  Barracks  
  16  0:52  Refinery  
  16  0:53  SCV  
  17  1:05  SCV  
  18  1:17  SCV  
  19  1:29  SCV  
  20  1:36  Reaper  
  21  1:41  Orbital Command  
  21  2:04  Supply Depot  
  21  2:16  Factory  
  21  2:18  Refinery  
  21  2:20  SCV  
  22  2:36  Command Center  
  22  2:41  SCV  
  23  2:56  SCV  
  24  3:09  SCV  
  24  3:23  Barracks Reactor  
  24  3:25  Starport, Factory Tech Lab  
  25  3:27  SCV  
  25  4:01  SCV  
  26  4:04  Marine, Medivac  
  26  4:05  Marine  
  30  4:11  Barracks x2  
  30  4:12  Barracks  
  30  4:15  SCV  
  31  4:17  Siege Tank  
  31  4:22  Marine x2  
  36  4:41  SCV  
  36  4:43  Orbital Command  
  37  5:00  Barracks Reactor x2  
  37  5:01  Barracks Tech Lab  
  37  5:02  Marine x2  
  39  5:18  SCV x2  
  39  5:19  Marine  
  39  5:20  Marine  
  43  5:30  SCV x2  
  45  5:37  Marine  
  45  5:40  Command Center  
  45  5:41  Supply Depot x2  
  46  5:43  Supply Depot  
  46  5:44  Supply Depot  
  46  6:00  Barracks  
  46  6:02  Marine x6  
  46  6:03  SCV x2, Marauder, Engineering Bay  
  56  6:05  Engineering Bay  
  56  6:09  Starport Reactor  
  56  6:20  Marine x5  
  56  6:22  Siege Tank  
  56  6:24  Marauder  
  66  6:27  Marine  
  67  6:37  Terran Infantry Armor Level 1  
  67  6:38  Marine x5, Terran Infantry Weapons Level 1  
  72  6:42  SCV x2  
  72  6:45  Marine  
  72  6:46  Marauder  
  77  6:51  Supply Depot  
  77  6:52  Supply Depot  
  77  6:53  Medivac, Supply Depot x2  
  79  6:54  Medivac  
  81  7:18  Stimpack  
  81  7:20  Barracks Tech Lab  
  81  7:22  Siege Tank  
  84  7:27  Marine  
  84  7:28  Marine x6  
  91  7:45  Marine  
  91  7:46  Marine x6  
  98  8:03  Marine  
  98  8:04  Marine x7  
  106  8:21  Marine x3  
  109  8:28  Marine  
  109  8:29  Marine x4  
  114  8:39  Marine x3  
  117  8:46  Refinery, Marine  
  117  8:47  Refinery, Marine x2  
  120  8:49  SCV x2  
  120  8:50  Marine x2  
  124  8:57  Marine  
  124  8:58  Supply Depot  
  124  9:00  Barracks, Supply Depot  
  124  9:02  Supply Depot  
  125  9:12  Marine  
  125  9:13  Marine x4  
  125  9:15  Marine  
  117  9:27  Marine  
  117  9:28  Marine  
  117  9:30  Marine x3  
  117  9:31  Marine x2  
  122  9:33  Marine  
  109  9:40  Viking x2  
  113  9:50  Marine x2  
  113  9:51  Marine x6  
  121  9:52  Barracks Reactor  
  121  10:03  Armory  
  121  10:13  Orbital Command  
  121  10:19  SCV x2  
  123  10:27  Viking  
  123  10:28  Viking  
  127  10:30  Marine x2  
  127  10:31  Marine x8  
  137  10:40  Starport  
  137  10:41  Starport x2  
  137  10:42  Starport  
  137  10:47  Marine  
  137  10:48  Marine  
  137  10:49  Marine x3  
  123  11:02  Medivac  
  123  11:03  Medivac  
  127  11:27  Starport Reactor  
  127  11:28  Starport Tech Lab  
  127  11:32  Starport Reactor  
  127  11:33  Starport Reactor  
  127  11:37  Marine x10  
  136  11:42  Refinery  
  136  11:43  Refinery  
  135  11:50  SCV x3  
  138  11:54  Marine  
  138  11:55  Marine x3  
  142  12:02  Marine x6  
  148  12:12  Marine  
  149  12:19  Supply Depot  
  149  12:20  Supply Depot x2  
  149  12:40  Viking, Medivac x3  
  149  12:41  Marine x2, Viking, Medivac x2  
  149  12:42  Viking  
  167  13:15  Medivac x3  
  167  13:16  Medivac x2  
  167  13:37  SCV x3  
  165  13:49  SCV x2  
  164  14:04  Marine  
  164  14:05  Marine x8  
  153  14:22  Marine x2  
  144  14:37  Marine x2  
  144  14:38  Marine x5  
  140  14:40  Marine x2  
  126  14:55  Marine x6  
Show
View Real Time Build Order
Export as new Build Order

Galactus Terran 

Build Orders: Reaper Expand 

Get SALT Encoding   

  12  0:00  SCV  
  13  0:13  SCV  
  14  0:18  Supply Depot  
  14  0:25  SCV  
  15  0:39  SCV  
  15  0:41  Barracks  
  16  0:45  Refinery  
  16  0:51  SCV  
  17  1:03  SCV  
  18  1:15  SCV  
  19  1:27  Orbital Command  
  19  1:29  Reaper  
  20  1:43  Command Center  
  20  1:51  Supply Depot  
  20  1:54  SCV  
  21  2:01  Marine  
  21  2:06  SCV  
  23  2:10  Factory  
  23  2:15  Refinery  
  23  2:18  SCV  
  24  2:24  Barracks Reactor  
  24  2:30  SCV  
  25  2:42  SCV  
  26  2:54  Starport, SCV  
  28  3:00  Marine x2  
  28  3:05  Orbital Command  
  29  3:06  SCV  
  29  3:07  Factory Tech Lab  
  30  3:18  SCV, Marine x2  
  33  3:29  Siege Tank  
  33  3:31  SCV  
  37  3:35  Starport Tech Lab  
  37  3:36  Marine x2  
  37  3:37  SCV  
  39  3:45  SCV  
  40  3:50  Supply Depot  
  40  3:54  Barracks  
  40  3:55  SCV, Barracks  
  41  3:56  Marine x2  
  41  3:57  SCV  
  44  4:09  SCV x2  
  46  4:11  Siege Tank  
  46  4:14  Marine x2, Supply Depot  
  25  4:44  Siege Tank  
  18  4:51  Barracks Tech Lab x2  
  17  4:57  SCV x2  
  18  5:09  SCV  
  18  5:11  Marine  
  18  5:12  Marine  
  21  5:18  Orbital Command  
  21  5:23  Supply Depot  
  20  5:29  Marine  
  20  5:41  SCV  
  21  5:53  SCV  
  21  5:56  SCV  
  23  6:02  Marine x2  
  25  6:04  Marine  
  25  6:05  SCV, Marine  
  25  6:09  SCV  
  29  6:17  SCV  
  30  6:21  SCV  
  30  6:22  Factory Tech Lab  
  31  6:26  Marine  
  31  6:27  Marine x2  
  31  6:29  SCV  
  35  6:34  SCV  
  36  6:41  SCV  
  36  6:43  Marine  
  36  6:44  Marine x2  
  36  6:46  SCV  
  41  6:51  Stimpack  
  41  6:52  Marine  
  41  6:53  SCV  
  43  6:58  SCV  
  43  7:01  Marine  
  45  7:02  Marine  
  45  7:05  Combat Shield  
  46  7:14  Supply Depot  
  46  7:17  SCV x2, Marine x2, Supply Depot  
  46  7:20  Marine x2  
  52  7:35  Marine x2  
  54  7:38  Marine x2  
  49  7:56  Marine x4  
  53  8:03  Raven  
  53  8:04  SCV  
  53  8:05  SCV  
  57  8:09  Supply Depot  
  57  8:14  Marine x4  
  57  8:17  SCV x2  
  63  8:23  Command Center  
  63  8:29  SCV  
  63  8:31  Marine  
  63  8:33  Engineering Bay  
  65  8:37  Engineering Bay  
  65  8:38  SCV  
  66  8:42  Marine x2  
  68  8:54  SCV x2  
  68  8:55  Barracks  
  70  8:56  Starport Reactor  
  70  9:01  Terran Infantry Weapons Level 1  
  70  9:04  Terran Infantry Armor Level 1  
  70  9:06  SCV x2  
  72  9:14  Marine x3  
  72  9:15  Marine  
  76  9:31  Siege Tank  
  76  9:32  Marine  
  76  9:33  Supply Depot  
  76  9:34  Medivac x2  
  80  9:51  Marine  
  80  9:52  Marine x3  
  80  9:54  Orbital Command  
  80  9:56  Supply Depot  
  80  10:01  Barracks  
  80  10:02  SCV x2  
  80  10:04  Barracks  
  82  10:09  Armory, Marine  
  82  10:10  Marine x2  
  85  10:14  Refinery, SCV  
  85  10:15  Orbital Command  
  85  10:17  SCV  
  85  10:18  Refinery  
  87  10:23  Marine  
  87  10:27  Marine x2  
  90  10:29  Viking  
  90  10:31  SCV  
  90  10:33  SCV  
  94  10:41  SCV  
  95  10:43  SCV  
  96  10:56  Siege Tank  
  96  10:57  Viking  
  101  10:59  Marine x5, Viking  
  101  11:01  Marine  
  101  11:02  Marauder  
  111  11:11  Terran Infantry Armor Level 2  
  107  11:17  Orbital Command  
  107  11:31  SCV x2  
  108  11:44  Marauder  
  108  11:45  Marauder x2  
  108  11:46  Marine  
  115  11:53  Terran Infantry Weapons Level 2  
  115  12:03  Barracks Tech Lab x2  
  115  12:06  Marauder  
  117  12:16  Marauder, Viking, Siege Tank  
  117  12:17  Supply Depot  
  117  12:21  SCV  
  125  12:32  SCV, Marine, Supply Depot  
  125  12:33  Marauder x2, Terran Vehicle Weapons Level 1  
  131  12:40  Marauder  
  112  12:54  Marauder  
Show
View Real Time Build Order
Export as new Build Order

Stef Terran 

Build Orders: Reaper Expand 

Get SALT Encoding   

  12  0:00  SCV  
  13  0:12  SCV  
  14  0:18  Supply Depot  
  14  0:25  SCV  
  15  0:39  SCV  
  15  0:41  Barracks  
  16  0:46  Refinery  
  16  0:52  SCV  
  17  1:04  SCV  
  18  1:16  SCV  
  19  1:28  Reaper  
  19  1:29  Orbital Command  
  20  1:44  Command Center  
  20  1:55  Supply Depot  
  20  1:58  SCV  
  21  2:06  Marine  
  22  2:10  SCV  
  22  2:12  Factory  
  23  2:20  Refinery  
  23  2:22  SCV  
  24  2:34  SCV  
  25  2:46  SCV  
  26  2:56  Factory Tech Lab  
  26  2:58  Starport, SCV  
  26  3:09  Barracks x2  
  26  3:10  Barracks Tech Lab, SCV  
  26  3:12  Orbital Command  
  27  3:27  Siege Tank  
  27  3:29  SCV  
  31  3:38  Marine  
  31  3:40  SCV  
  34  3:41  SCV  
  34  3:44  Starport Reactor, Supply Depot  
  33  3:53  SCV  
  31  3:57  Orbital Command  
  33  4:02  Siege Tank  
  33  4:05  SCV  
  34  4:10  Barracks Reactor  
  32  4:17  SCV  
  32  4:22  Marine  
  34  4:25  Barracks Reactor  
  34  4:28  Orbital Command  
  33  4:40  Marine  
  33  4:41  Siege Tank  
  37  4:47  Marine x2  
  39  5:09  Liberator  
  39  5:10  Marine x4  
  39  5:11  Marine  
  39  5:13  SCV x2  
  49  5:25  SCV  
  49  5:27  Supply Depot  
  49  5:28  Marine x2, Supply Depot  
  51  5:31  Marine x2, Supply Depot x2  
  54  5:37  Stimpack  
  54  5:48  SCV, Marine x2  
  57  5:51  Engineering Bay  
  57  5:52  SCV  
  57  5:53  Marine x2  
  60  5:57  Liberator  
  63  6:04  Marine  
  63  6:06  Marine  
  63  6:09  Marine  
  66  6:11  Marine x2  
  66  6:12  SCV x2  
  66  6:18  Terran Infantry Weapons Level 1  
  69  6:28  Marine x3  
  72  6:38  Barracks  
  72  6:39  Marine, Supply Depot  
  73  6:40  Marine, Supply Depot  
  73  6:41  Barracks  
  74  6:47  Liberator  
  77  6:54  Marine x3  
  80  7:04  Supply Depot  
  63  7:16  Siege Tank  
  63  7:17  Marine x2  
  63  7:18  Marine x3  
  71  7:35  Marine  
  58  7:40  Marine x2  
  58  7:41  Marine x2  
  49  7:54  Siege Tank  
  49  7:55  Liberator  
  49  7:56  Marine x2  
  53  8:01  SCV x2  
  55  8:13  SCV  
  55  8:14  SCV  
  57  8:25  SCV  
  57  8:26  SCV, Siege Tank  
  62  8:27  Barracks Reactor  
  62  8:36  Barracks Reactor  
  62  8:38  SCV x2  
  64  8:45  Refinery  
  64  8:46  Refinery  
  64  8:50  SCV x2  
  66  9:00  Marine x5  
  66  9:02  SCV x2  
  73  9:14  SCV x2  
  75  9:17  Marine  
  75  9:18  Marine  
  75  9:19  Liberator  
  75  9:20  Liberator  
  75  9:22  Marine  
  84  9:24  Marine  
  84  9:25  Marine  
  84  9:26  SCV  
  87  9:35  Marine  
  87  9:36  Marine x3  
  91  9:43  Marine  
  91  9:44  Marine x3  
  91  9:45  SCV  
  96  9:46  SCV  
  97  9:57  Marine x4  
  97  9:58  Marine  
  102  10:20  Marine x7  
  102  10:21  Marine  
  110  10:33  Marine  
  110  10:34  Supply Depot  
  110  10:35  Supply Depot  
  108  10:37  Marine  
  108  10:38  Marine, Supply Depot  
  100  11:06  SCV x2  
  100  11:07  Marine  
  100  11:08  Marine x6  
  109  11:14  Medivac  
  109  11:18  SCV x2, Medivac  
  115  11:42  Command Center  
  115  11:54  Medivac x2  
  119  12:19  SCV x2  
  119  12:22  Marine x5  
  124  12:23  Marine  
  124  12:24  Terran Infantry Armor Level 1  
  124  12:25  Marine x3  
  130  12:30  Armory  
  130  12:31  SCV x2  
  132  12:56  Orbital Command  
  132  13:10  Marine  
  132  13:11  Marine x8  
  136  13:28  Marine x4  
  136  13:29  Marine x4  
Tags
 
Add a new tag
Caveats
  • Supply blocks, unpowered buildings, or Contaminate may cause inaccurate times.
  • Supply counts are checked every 10 seconds.